 Dungeon Sprint DCSS version 0.26-a0-665-gefeb406119 (webtiles) character file.

Game seed: 6962747925524797857

127 sahdkjhfkaj the Covert (level 4, 0/21 HPs)
             Began as a Spriggan Enchanter on Oct 14, 2020.
             Was an Initiate of Gozag.
             Slain by a bullfrog (8 damage)
             ... in the Dungeon (Sprint VII: "The Pits").
             The game lasted 00:02:04 (1011 turns).

sahdkjhfkaj the Covert (Spriggan Enchanter)         Turns: 1011, Time: 00:02:05

Health: 0/21       AC:  2    Str:  4    XL:     4   Next: 85%
Magic:  0/9        EV: 18    Int: 16    God:    Gozag
Gold:   432        SH:  0    Dex: 17    Spells: 2/8 levels left

rFire    . . .     SeeInvis +   a - +2 dagger
rCold    . . .     Faith    .   (shield restricted)
rNeg     . . .     Spirit   .   b - +0 robe
rPois    .         Reflect  .   (helmet restricted)
rElec    .         Harm     .   (no cloak)
rCorr    .         Rampage  .   (gloves unavailable)
MR       .....     NoTele   +   (boots unavailable)
Stlth    ++++++....             (no amulet)
HPRegen  0.07/turn              (no ring)
MPRegen  0.11/turn              (no ring)

@: confusing touch, very slightly contaminated, very quick
A: very small, unfitting armour, see invisible, speed 3
a: Potion Petition, Call Merchant, Bribe Branch, Renounce Religion


You were in the Dungeon.
You worshipped Gozag.
Gozag was aware of your devotion.
You visited 1 branch You collected 432 gold pieces.

Inventory:

Hand Weapons
 a - a +2 dagger (weapon)
Armour
 b - a +0 robe (worn)
Scrolls
 i - a scroll of blinking
 j - 3 scrolls of remove curse
 k - 5 scrolls of amnesia
 m - 2 scrolls of vulnerability
Potions
 c - 2 potions of invisibility
 d - 6 potions of curing
 e - 6 potions of heal wounds
 f - a potion of haste
 g - 4 potions of magic
 h - 2 potions of berserk rage


   Skills:
 - Level 1.1 Short Blades
 - Level 3.0 Dodging
 + Level 14.7 Stealth
 - Level 2.6 Spellcasting
 - Level 3.6 Hexes


You had 2 spell levels left.
You knew the following spells:

 Your Spells              Type           Power        Failure   Level
a - Corona                Hex            ##.....      4%          1
b - Ensorcelled Hibernat  Hex/Ice        #.....       14%         2
c - Confusing Touch       Hex            ##......     13%         3

Your spell library contained the following spells:

 Spells                   Type           Power        Failure   Level
 Tukima's Dance           Hex            ##......     13%         3
 Dazzling Flash           Conj/Hex       #.....       28%         3


Dungeon Overview and Level Annotations

Branches:
Dungeon (1/1)

Altars:
Ashenzari
Cheibriados
Dithmenos
Elyvilon
Fedhas
Gozag
Hepliaklqana
Kikubaaqudgha
Makhleb
Nemelex Xobeh
Okawaru
Qazlal
Ru
Sif Muna
Trog
Uskayaw
Vehumet
Wu Jian
Xom
Yredelemnul
Zin
The Shining One
Beogh
Jiyva
Lugonu


Innate Abilities, Weirdness & Mutations

You are very small and have problems with some larger weapons.
You are too small for most types of armour.
You have supernaturally acute eyesight. (SInv)
You cover ground extremely quickly.


Message History

Casting: Ensorcelled Hibernation (safe; 14% risk of failure)
Confirm with . or Enter, or press ? or * to list all spells.
You can't see any susceptible monsters within range! (Use Z to cast anyway.)
Casting: Ensorcelled Hibernation (safe; 14% risk of failure)
Confirm with . or Enter, or press ? or * to list all spells.
The spell is extremely dangerous to cast (13% risk of failure)!
Continue anyway?
Your hands begin to glow red.
The flying skull hits you.
You barely miss the flying skull.
The orc warrior shouts!
The flying skull hits you. The bullfrog misses you.
Press: ? - help, v - describe, . - travel
Here: a flying skull (chance to confuse on hit: 44%)
The floor.
Unknown command.
You hit the flying skull but do no damage.
The flying skull hits you.
* * * LOW HITPOINT WARNING * * *
The bullfrog hits you!
You die...
Your body crumbles into a pile of gold.

############ #_________.#
#_________.#
#_______...###########++######
##########'##................#
#..(.')))'.##......#..#......#
##########.##..F.............+
#.F....o.oo.h.oz@............+
#'#####'#####..o...#..#......#
#.#.....#..##................#
#.#.....#))#####'#####++######
#o###'###))##.......#
#F#.....#))##.......#
#h#.....#[[##.......#
#o####'##'###...<...#
#.#........##.......#


You could see an orc warrior, a black bear, a bullfrog, a flying skull and 3
orcs.

Vanquished Creatures
  A floating eye (D)
  A gnoll (D)
  A river rat (D)
  An ufetubus (D)
  A leopard gecko (D)
  A ball python (D)
  A bat skeleton (D)
  A goblin (D)
  A giant cockroach zombie (D)
9 creatures vanquished.

Notes
Turn   | Place    | Note
-------+----------+-------------------------------------------
     0 | D        | sahdkjhfkaj the Spriggan Enchanter began the quest for the
                  | Orb.
     0 | D        | Reached XP level 1. HP: 9/9 MP: 5/5
    14 | D        | Reached skill level 8 in Stealth
    14 | D        | Reached XP level 2. HP: 13/13 MP: 6/6
    18 | D        | Found a bloodstained altar of Trog.
    18 | D        | Found a shimmering blue altar of Sif Muna.
    18 | D        | Found a viscous altar of Jiyva.
    18 | D        | Found a hazy altar of Hepliaklqana.
    18 | D        | Found an opulent altar of Gozag.
    19 | D        | Found a glowing golden altar of the Shining One.
    19 | D        | Found a glowing silver altar of Zin.
    19 | D        | Found a basalt altar of Yredelemnul.
    19 | D        | Found a shimmering altar of Xom.
    19 | D        | Found an ornate altar of the Wu Jian Council.
    19 | D        | Found a sacrificial altar of Ru.
    19 | D        | Found a stormy altar of Qazlal.
    19 | D        | Found an iron altar of Okawaru.
    19 | D        | Found a sparkling altar of Nemelex Xobeh.
    19 | D        | Found a burning altar of Makhleb.
    19 | D        | Found a blossoming altar of Fedhas.
    19 | D        | Found a white marble altar of Elyvilon.
    19 | D        | Found a shadowy altar of Dithmenos.
    19 | D        | Found a snail-covered altar of Cheibriados.
    23 | D        | Found a roughly hewn altar of Beogh.
    23 | D        | Found a corrupted altar of Lugonu.
    23 | D        | Found a radiant altar of Vehumet.
    24 | D        | Found a broken altar of Ashenzari.
    24 | D        | Found an ancient bone altar of Kikubaaqudgha.
    24 | D        | Found a hide-covered altar of Uskayaw.
    28 | D        | Became a worshipper of Gozag Ym Sagoz the Greedy
    68 | D        | Learned a level 2 spell: Ensorcelled Hibernation
    69 | D        | Noticed a floating eye
    71 | D        | Killed a floating eye
    71 | D        | Reached skill level 14 in Stealth
    71 | D        | Reached XP level 3. HP: 16/16 MP: 8/8
    71 | D        | Reached XP level 4. HP: 21/21 MP: 9/9
   512 | D        | Learned a level 3 spell: Confusing Touch
   903 | D        | Noticed an orc warrior
   904 | D        | Noticed a warg
   904 | D        | Noticed a bullfrog
   904 | D        | Noticed a black bear
   904 | D        | Noticed a flying skull
  1011 | D        | Slain by a bullfrog

Illustrated notes

Levels and vault maps discovered:
D:        pitsprint [storerooms_1, entrance_room_1, metal_vault_6, armoury_1,
          mini_pit_1, grid_room_1, main_hall_1, silver_pit, the_coven_1,
          the_vestibule_1, steel_vault_1, golden_pit, hallway_of_sentries,
          crystal_vault_2, iron_vault_2, final_vault]

Skill      XL: |  1  2 |
---------------+-------+-----
Stealth        | 8 14 | 14.7
Short Blades   | |  1.1
Dodging        | |  3.0
Spellcasting   | |  2.6
Hexes          | |  3.6

Action                   |  1- 3 |  4- 6 || total
-------------------------+-------+-------++-------
Melee: Dagger            |     2 |    17 ||    19
 Cast: Ensorcelled Hiber |       |    14 ||    14
       Confusing Touch   |       |     1 ||     1
  Use: Scroll            |       |     1 ||     1
       Potion            |       |     1 ||     1
 Stab: Sleeping          |     2 |     4 ||     6
Armor: Robe              |       |     3 ||     3
Dodge: Dodged            |       |    19 ||    19

Table legend: (Time is in decaauts)
 A = Elapsed time spent in this place.
 B = Non-inter-level travel time spent in this place.
 C = Inter-level travel time spent in this place.
 D = Time resting spent in this place.
 E = Time spent auto-exploring this place.
 F = Levels seen in this place.
 G = Mean time per level.
                   A        B        C        D        E       F      G
               +--------+--------+--------+--------+--------+-----+--------+
         Total |    933 |    920 |     13 |    670 |      0 |   1 |  933.0 |
       Dungeon |    933 |    920 |     13 |    670 |      0 |   1 |  933.0 |
               +--------+--------+--------+--------+--------+-----+--------+

Top non-repeatable levels by time:
       D: 933 daAuts
